 Dungeon Crawl Stone Soup version 0.23.2-33-g5129a83184 (webtiles) character file.

Game seed: 3179818013728575476

1723 MalarOregon the Magician (level 9, -9/70 (74) HPs)
             Began as a Ghoul Wizard on July 11, 2019.
             Was an Initiate of Qazlal.
             Mangled by a cyan ugly thing (12 damage)
             ... on level 7 of the Dungeon.
             The game lasted 00:30:48 (10082 turns).

MalarOregon the Magician (Ghoul Wizard)            Turns: 10082, Time: 00:30:49

HP:   -9/70 (74)    AC:  9    Str: 11    XL:     9   Next: 4%
MP:   18/18         EV: 13    Int: 16    God:    Qazlal [......]
Gold: 291           SH:  6    Dex:  7    Spells: 14/21 levels left

rFire    + . .     SeeInvis .   l - +1 dagger (venom)
rCold    + . .     Gourm    .   j - +2 buckler
rNeg     + + +     Faith    .   E - +1 robe {rF+}
rPois    ∞         Spirit   .   b - +2 hat
rElec    .         Reflect  .   B - +0 cloak
rCorr    .         Harm     .   v - +2 pair of gloves
MR       .....                  (no boots)
Stlth    ++........             (no amulet)
HPRegen  0.00/turn              D - +1 ring of evasion
MPRegen  0.16/turn              (no ring)

@: rotting
A: rotting body, claws 1, carnivore, cold resistance 1, negative energy
resistance 3, inhibited regeneration, torment resistance, unbreathing
a: Renounce Religion


You were on level 7 of the Dungeon.
You worshipped Qazlal.
Qazlal was noncommittal.
You were not hungry.

You visited 2 branches of the dungeon, and saw 8 of its levels.

You collected 291 gold pieces.

Inventory:

Hand Weapons
 l - a +1 dagger of venom (weapon)
   (You took it off Dowan on level 7 of the Dungeon)
 F - a +1 whip of freezing
   (You took it off Pikel on level 7 of the Dungeon)
Missiles
 g - 77 bolts
 A - 2 throwing nets (quivered) {!f}
 C - 5 curare-tipped needles {!f}
Armour
 b - a +2 hat (worn)
 j - a +2 buckler (worn)
   (You found it on level 1 of the Dungeon)
 v - a +2 pair of gloves (worn)
   (You found it on level 6 of the Dungeon)
 B - a +0 cloak (worn)
   (You found it on level 7 of the Dungeon)
 E - a +1 robe of fire resistance (worn)
   (You found it on level 7 of the Dungeon)
Jewellery
 D - a +1 ring of evasion (left hand)
   (You found it on level 6 of the Dungeon)
Wands
 d - a wand of iceblast (4)
   (You found it on level 6 of the Dungeon)
 u - a wand of paralysis (11)
   (You found it on level 6 of the Dungeon)
 x - a wand of scattershot (5)
   (You found it on level 5 of the Dungeon)
Scrolls
 c - a scroll of fog {unknown}
 f - a scroll of noise {unknown}
 h - a scroll of amnesia
 m - a scroll of blinking
 n - a scroll of teleportation {@r4}
 r - 2 scrolls of remove curse {@r2}
 t - a scroll of acquirement {unknown}
 y - a scroll of magic mapping
Potions
 i - a potion of resistance
 k - 3 potions of curing {@q1}
 o - 3 potions of haste {@q3}
 p - a potion of flight {unknown}
 q - a potion of cancellation {unknown}
 s - 2 potions of degeneration {unknown}
 w - 3 potions of agility
 z - a potion of brilliance {unknown}
Comestibles
 e - 11 rations {!d}


   Skills:
 + Level 5.3 Fighting
 + Level 1.7 Maces & Flails
 - Level 1.7 Dodging
 - Level 2.1 Stealth
 - Level 4.2 Shields
 * Level 6.7 Spellcasting
 - Level 1.0 Conjurations
 - Level 1.0 Summonings
 - Level 1.0 Translocations
 - Level 1.1 Air Magic
 - Level 1.0 Poison Magic
 + Level 3.1 Invocations


You had 14 spell levels left.
You knew the following spells:

 Your Spells              Type           Power        Failure   Level  Hunger
b - Blink                 Tloc           N/A          13%         2    None
f - Mephitic Cloud        Conj/Pois/Air  #.......     24%         3    ##.....
x - Call Imp              Summ           #.......     13%         2    None

Your spell library contained the following spells:

 Spells                   Type           Power        Failure   Level  Hunger
 Magic Dart               Conj           #...         9%          1    None
 Slow                     Hex            #.......     19%         2    None
 Conjure Flame            Conj/Fire      #.......     30%         3    ##.....


Dungeon Overview and Level Annotations

Branches:
Dungeon (7/15)             Temple (1/1) D:5

Altars:
Ashenzari
Cheibriados
Dithmenos
Elyvilon
Fedhas
Gozag
Hepliaklqana
Kikubaaqudgha
Makhleb
Nemelex Xobeh
Okawaru
Qazlal
Ru
Sif Muna
Trog
Uskayaw
Vehumet
Wu Jian
Xom
Yredelemnul
Zin
The Shining One

Annotations:
D:3 Sigmund
D:7 Joseph


Innate Abilities, Weirdness & Mutations

Your body is rotting away.
You thrive on raw meat.
You are immune to poison.
You have sharp fingernails.
You are carnivorous and can eat meat at any time.
Your flesh is cold resistant. (rC+)
You are immune to negative energy. (rN+++)
You do not regenerate when monsters are visible.
You are immune to unholy pain and torment.
You can survive without breathing.


Message History

Here: a cyan ugly thing The floor.
Aim: a cyan ugly thing The ball explodes into a vile cloud!
The stinking cloud engulfs the cyan ugly thing but does no damage.
The cyan ugly thing is engulfed in noxious fumes.
You barely miss the cyan ugly thing.
The cyan ugly thing is engulfed in noxious fumes.
The cyan ugly thing appears confused.
The cyan ugly thing misses you.
You hit the cyan ugly thing. You freeze the cyan ugly thing.
The cyan ugly thing is engulfed in noxious fumes.
You hit the cyan ugly thing but do no damage.
The cyan ugly thing is engulfed in noxious fumes.
The cyan ugly thing bites you. The cyan ugly thing shocks you!
Here: a cyan ugly thing (noxious fumes, lightly wounded, confused)
The floor.
Wield which item (- for none, * to show all)? (? for menu, Esc to quit)
Your +1 whip of freezing stops glowing.
Your +1 dagger of venom begins to drip with poison!
l - a +1 dagger of venom (weapon)
The cyan ugly thing is engulfed in noxious fumes.
You completely miss the cyan ugly thing.
The cyan ugly thing is engulfed in noxious fumes.
You block the cyan ugly thing's attack.
You hit the cyan ugly thing but do no damage.
The cyan ugly thing is poisoned.
The cyan ugly thing bites you! The cyan ugly thing shocks you!
* * * LOW HITPOINT WARNING * * *
You hit the cyan ugly thing but do no damage.
The cyan ugly thing looks as sick as possible!
The cyan ugly thing seems less confused.
The cyan ugly thing completely misses you.
Aim: a cyan ugly thing (moderately wounded, poisoned)
You miscast Mephitic Cloud.
You are very lightly contaminated with residual magic.
Nothing appears to happen.
The cyan ugly thing bites you but does no damage.
You block the cyan ugly thing's attack. The cyan ugly thing bites you!
* * * LOW HITPOINT WARNING * * *
The cyan ugly thing shocks you!
* * * LOW HITPOINT WARNING * * *
There is a stone staircase leading up here.
The cyan ugly thing looks more healthy.
The cyan ugly thing closely misses you.
Okay, then.
Your magical contamination has completely faded away.
The cyan ugly thing misses you. The cyan ugly thing bites you!
You die...

######.........#.####
#...............##
#.####......<.#.# #.#
#.#........#
#.####..#.....#######
#.@.................#####
#..####.#.##..........@(#
#..# #.#.##..#####.###.#
#..# #.#.##@.# #.# #§#
###..####.#.##u.#
#.###.#####
#......(....##..#
#.##.......
#.#.............#
#.##e.#####
#.##.####.#.##..# #..#..#
#,*#.# #.#.#...# ##.#..#
*,,..#
#.#...#.######.#..#####
#..###
#.#...................#
#..*
#.#..##.####.#.#.####.#


You could see a cyan ugly thing.

Vanquished Creatures
  Pikel (D:7)
  Menkaure (D:5)
  Duvessa (D:7)
  4 slaves (D:7)
  A sky beast (D:5)
  2 phantoms
  2 ogres
  Blork the orc (D:5)
  Dowan (D:7)
  2 scorpions
  2 crimson imps
  3 hounds
  An orc priest (D:4)
  A centaur skeleton (D:4)
  2 iguanas
  A worker ant (D:7)
  2 gnolls (D:3)
  2 adders
  A shadow imp (D:6)
  An ooze (D:2)
  2 dart slugs
  3 leopard geckos
  7 orcs
  10 bats
  8 giant cockroaches
  5 hobgoblins
  8 jackals
  3 quokkas
  4 frilled lizards
  6 goblins
  2 jackal skeletons
  9 kobolds
  4 rats
103 creatures vanquished.

Vanquished Creatures (collateral kills)
  A centaur zombie (D:6)
  A crimson imp (D:5)
  A howler monkey zombie (D:6)
  4 gnolls
  A leopard gecko (D:1)
  An orc (D:4)
  A hobgoblin (D:2)
  A jackal (D:1)
11 creatures vanquished.

Grand Total: 114 creatures vanquished

Notes
Turn   | Place    | Note
-------+----------+-------------------------------------------
     0 | D:1      | MalarOregon the Ghoul Wizard began the quest for the Orb.
     0 | D:1      | Reached XP level 1. HP: 14/14 MP: 3/3
   540 | D:1      | Reached skill level 1 in Conjurations
   765 | D:1      | Reached XP level 2. HP: 16/20 MP: 0/4
   833 | D:1      | Learned a level 2 spell: Call Imp
   858 | D:1      | Reached skill level 1 in Summonings
  1044 | D:1      | Reached skill level 3 in Spellcasting
  1610 | D:1      | Reached XP level 3. HP: 21/25 MP: 6/6
  2227 | D:2      | Learned a level 2 spell: Blink
  2231 | D:2      | Learned a level 3 spell: Mephitic Cloud
  2379 | D:2      | Reached skill level 1 in Fighting
  2964 | D:2      | Reached skill level 1 in Maces & Flails
  2964 | D:2      | Reached skill level 1 in Shields
  2964 | D:2      | Reached skill level 1 in Translocations
  3198 | D:2      | Reached XP level 4. HP: 28/35 MP: 7/7
  4214 | D:3      | Noticed Sigmund
  4531 | D:3      | Reached XP level 5. HP: 29/40 MP: 2/9
  4693 | D:3      | You fall through a shaft for 3 floors!
  4694 | D:6      | Noticed a phantom
  4728 | D:6      | Reached skill level 1 in Poison Magic
  4748 | D:6      | Killed a phantom
  4748 | D:6      | Reached skill level 1 in Air Magic
  4748 | D:6      | Reached XP level 6. HP: 6/48 MP: 1/10
  5228 | D:6      | Reached skill level 4 in Spellcasting
  5356 | D:5      | Entered Level 5 of the Dungeon
  6340 | D:4      | Reached XP level 7. HP: 55/55 MP: 12/12
  6932 | D:5      | Noticed Menkaure
  6937 | D:5      | Killed Menkaure
  6937 | D:5      | Reached skill level 5 in Spellcasting
  7156 | D:5      | Found a staircase to the Ecumenical Temple.
  7177 | Temple   | Entered the Ecumenical Temple
  7430 | Temple   | Became a worshipper of Qazlal Stormbringer
  7499 | D:5      | Reached XP level 8. HP: 55/63 MP: 10/15
  7682 | D:5      | Found an iron altar of Okawaru.
  7737 | D:5      | Found a snail-covered altar of Cheibriados.
  7946 | D:5      | Noticed Blork the orc
  7955 | D:5      | Killed Blork the orc
  7986 | D:5      | Found a shimmering altar of Xom.
  8145 | D:5      | Found a burning altar of Makhleb.
  8414 | D:6      | Found a sacrificial altar of Ru.
  8637 | D:7      | Noticed Pikel
  8687 | D:7      | Killed Pikel
  8687 | D:7      | Reached skill level 5 in Fighting
  8687 | D:7      | Reached skill level 6 in Spellcasting
  9242 | D:7      | Noticed a cyan ugly thing
  9343 | D:7      | Noticed Joseph
  9352 | D:7      | Noticed Duvessa
  9354 | D:7      | Noticed Dowan
  9637 | D:7      | Killed Duvessa
  9637 | D:7      | Reached XP level 9. HP: 51/68 MP: 9/18
  9950 | D:7      | Killed Dowan
 10054 | D:7      | HP: 3/70 [cyan ugly thing (14)]
 10082 | D:7      | Mangled by a cyan ugly thing

Skill      XL: |  1  2  3  4  5  6  7  8 |
---------------+-------------------------+-----
Conjurations   | 1 |  1.0
Summonings     | 1 |  1.0
Spellcasting   | 3 4 5 6 |  6.7
Fighting       | 1 2 3 5 |  5.3
Maces & Flails | 1 |  1.7
Shields        | 1 2 3 4 |  4.2
Translocations | 1 |  1.0
Poison Magic   | 1 |  1.0
Air Magic      | 1 |  1.1
Invocations    | 3 |  3.1
Dodging        | |  1.7
Stealth        | |  2.1

Action                   |  1- 3 |  4- 6 |  7- 9 || total
-------------------------+-------+-------+-------++-------
Melee: Club              |   206 |    63 |       ||   269
       Unarmed           |     3 |       |       ||     3
       Battleaxe         |       |   131 |       ||   131
       Halberd           |       |    13 |   156 ||   169
       Whip              |       |       |    55 ||    55
       Dagger            |       |       |     3 ||     3
 Cast: Magic Dart        |    22 |       |       ||    22
       Call Imp          |     4 |    24 |    16 ||    44
       Mephitic Cloud    |       |     1 |    15 ||    16
       Blink             |       |       |     1 ||     1
  Use: Scroll            |     4 |     2 |     8 ||    14
 Stab: Sleeping          |     4 |     1 |     1 ||     6
       Confused          |       |       |     3 ||     3
  Eat: Chunk             |     8 |    17 |    12 ||    37
       Ration            |       |     1 |     1 ||     2
Armor: Robe              |    51 |    82 |    52 ||   185
Dodge: Dodged            |   138 |   194 |   115 ||   447
Block: Buckler           |    55 |    21 |    12 ||    88
